 Dungeon Crawl Stone Soup version 0.31-a0-133-gaae73658be (webtiles) character file.

Game seed: 13190413896540025197

6898 timneilson the Protected (level 11, -6/66 HPs)
             Began as a Gargoyle Fighter on June 2, 2023.
             Was a High Priest of Okawaru.
             Killed from afar by a vampire (30 damage)
             ... with a bolt of acid
             ... on level 10 of the Dungeon.
             The game lasted 00:20:30 (8148 turns).

timneilson the Protected (Gargoyle Fighter)         Turns: 8148, Time: 00:20:30

Health: -6/66      AC: 27    Str: 33    XL:     11   Next: 6%
Magic:  14/14      EV: 10    Int:  8    God:    Okawaru [*****.]
Gold:   373        SH:  6    Dex: 16    Spells: 10/10 levels left

rFire   . . .        D - +5 scimitar
rCold   . . .        c - +0 buckler
rNeg    + . .        y - +0 plate armour
rPois   ∞            (no helmet)
rElec   +            j - +2 cloak
rCorr   .            t - +1 pair of gloves {Dex+3}
SInv    .            (no boots)
Will    .....        m - amulet of the acrobat Stlth
                     g - +6 ring of strength
HPRegen 0.31/turn    r - +6 ring of strength
MPRegen 0.14/turn

%: acrobat
@: no status effects
A: sickness immunity, AC +8, negative energy resistance 1, electricity
resistance, torment resistance 1, petrification resistance
a: Renounce Religion, Heroism, Finesse, Duel


You were on level 10 of the Dungeon.
You worshipped Okawaru.
Okawaru was extremely pleased with you.
You visited 2 branches of the dungeon, and saw 11 of its levels.

You collected 571 gold pieces.
You spent 198 gold pieces at shops.

Inventory:

Hand Weapons
 a - a +1 long sword of draining
 k - a +3 scimitar of flaming
 D - a +5 scimitar (weapon)
Missiles
 s - 3 throwing nets (quivered)
Armour
 c - a +0 buckler (worn)
 j - a +2 cloak (worn)
 t - a +1 pair of gloves of dexterity (worn)
 y - a +0 plate armour (worn)
Jewellery
 g - a +6 ring of strength (left hand)
 l - a ring of flight
 m - an amulet of the acrobat (around neck)
 r - a +6 ring of strength (right hand)
Wands
 p - a wand of acid (7)
 v - a wand of flame (21)
 x - a wand of mindburst (6)
 A - a wand of iceblast (15)
Scrolls
 e - a scroll of teleportation
 h - a scroll of blinking
 q - 2 scrolls of enchant weapon
 w - 2 scrolls of fear
 B - a scroll of fog
Potions
 b - a potion of mutation {unknown}
 d - 2 potions of haste
 f - 3 potions of curing
 i - 5 potions of enlightenment
 n - a potion of attraction
 o - 3 potions of cancellation
 u - a potion of brilliance
 z - 2 potions of might
 C - 2 potions of lignification {unknown}
 E - a potion of heal wounds


   Skills:
 + Level 6.7 Fighting
 * Level 7.1 Long Blades
 * Level 9.0 Armour
 + Level 4.3 Dodging
 * Level 9.0 Shields
 + Level 5.1 Invocations
 + Level 4.1 Evocations


You had 10 spell levels left.
You didn't know any spells.
Your spell library contained the following spells:

 Spells                   Type           Power      Damage    Failure   Level
 Frozen Ramparts          Ice            0%         1d1       100%        3
 Portal Projectile        Hex/Tloc       0%         N/A       100%        3
 Vhi's Electric Charge    Tloc/Air       0%         N/A       100%        3
 Ice Form                 Ice/Tmut       0%         N/A       100%        4
 Leda's Liquefaction      Hex/Erth       0%         N/A       100%        4
 Arcjolt                  Conj/Air       0%         1d10      100%        5
 Maxwell's Capacitive Co  Air            0%         ∞         100%        8
 Call Canine Familiar     Summ           Unusable   N/A       N/A         3
 Summon Ice Beast         Ice/Summ       Unusable   N/A       N/A         4

Dungeon Overview and Level Annotations

Branches:
Dungeon (10/15)            Temple (1/1) D:4            Lair (0/5) D:8
    Orc: D:9-12

Altars:
Ashenzari
Cheibriados
Dithmenos
Elyvilon
Fedhas
Gozag
Hepliaklqana
Kikubaaqudgha
Makhleb
Nemelex Xobeh
Okawaru
Qazlal
Ru
Sif Muna
Trog
Uskayaw
Vehumet
Wu Jian
Xom
Yredelemnul
Zin
The Shining One

Shops:
D:2 (   D:4 !=?[?:*!


Innate Abilities, Weirdness & Mutations

You are immune to sickness and miasma.
Your stone body is resilient. (AC +8)
You are immune to poison.
You resist negative energy. (rN+)
You are resistant to electric shocks. (rElec)
You are resistant to unholy torment.
You are immune to petrification.


Message History

The vampire hits you but does no damage.
The vampire barely misses you.
You slash the vampire!
The vampire is moderately damaged.
The vampire gestures wildly while chanting.
The vampire flickers and vanishes!
Deactivating autopickup; reactivate with Ctrl-A.
You closely miss something. Something hits you but does no damage.
Something bites you.
You hit something but do no damage. Something hits you but does no damage.
Something bites you!
You barely miss something. Something hits you.
Something bites you but does no damage.
You barely miss something. Something hits you but does no damage.
Something bites you.
You hit something but do no damage. Something hits you.
Something bites you but does no damage.
You barely miss something. Something hits you but does no damage.
Something bites you.
You slash something! Something hits you but does no damage.
Something bites you but does no damage.
You miss something. Something hits you but does no damage.
Something bites you but does no damage.
You barely miss something. Something hits you but does no damage.
Something bites you but does no damage.
You hit something but do no damage. Something hits you but does no damage.
Something bites you but does no damage.
You hit something but do no damage. Something hits you.
Something bites you but does no damage.
You slash something! Something hits you but does no damage.
Something bites you but does no damage.
You miss something.
You hear a zap.
A bolt of acid appears from out of thin air!
The bolt of acid hits you!
You closely miss something.
You hear a zap.
A bolt of acid appears from out of thin air!
The bolt of acid hits you!!
You die...

#.......# #.#.........#
#.......# #.######'#####
#.......# +............#
........#####............#
.................+
.................+
................##
########.........#
#...{@.'.........#
#......#.........#
#......#.#########
##.....#.# #.....#.#
#.....#.# #######.# .#


There were no monsters in sight!

Vanquished Creatures
  Erica (D:8)
  A two-headed ogre (D:8)
  Pikel (D:8)
  A kobold demonologist (D:9)
  Prince Ribbit (D:8)
  2 hornets (D:9)
  Sigmund (D:2)
  Eustachio (D:5)
  2 wyverns
  A yak (D:8)
  2 steam dragons
  Grum (D:8)
  Menkaure (D:6)
  A water moccasin (D:7)
  An orc warrior (D:8)
  2 sky beasts (D:7)
  A black bear (D:6)
  An ogre (D:5)
  2 wolves (D:8)
  3 lemures (D:8)
  A centaur (D:8)
  2 kobold brigands
  Blork the orc (D:5)
  4 bullfrogs
  5 scorpions
  5 wights
  12 killer bees
  An electric eel (D:9)
  5 hounds
  4 orc priests
  A jelly (D:5)
  A gnoll bouda (D:8)
  5 orc wizards
  A sleepcap (D:6)
  4 iguanas
  3 gnolls (D:8)
  7 adders
  A white imp (D:5)
  2 worms (D:3)
  A dart slug (D:4)
  35 orcs
  7 bats
  5 endoplasms
  4 giant cockroaches
  6 hobgoblins
  6 jackals
  7 quokkas
  10 ball pythons
  4 frilled lizards
  9 goblins
  8 kobolds
  4 rats
198 creatures vanquished.

Vanquished Creatures (others)
  A kobold (D:7)
1 creature vanquished.

Grand Total: 199 creatures vanquished

Notes
Turn   | Place    | Note
-------+----------+-------------------------------------------
     0 | D:1      | timneilson the Gargoyle Fighter began the quest for the
                  | Orb.
     0 | D:1      | Reached XP level 1. HP: 14/14 MP: 1/1
   101 | D:1      | Reached XP level 2. HP: 12/19 MP: 2/2
   412 | D:1      | Reached XP level 3. HP: 19/23 MP: 3/3
   847 | D:2      | Identified the +2 leather armour of Tenacity {Int+5 Stlth+}
   969 | D:2      | Noticed Sigmund
   973 | D:2      | Found Jewe's Weapon Boutique.
   977 | D:2      | Killed Sigmund
   978 | D:2      | Reached skill level 1 in Dodging
   978 | D:2      | Reached XP level 4. HP: 23/29 MP: 4/4
   978 | D:2      | Reached XP level 5. HP: 26/33 MP: 5/5
  1271 | D:2      | Reached XP level 6. HP: 38/38 MP: 6/6
  1620 | D:3      | Found a faded altar of an unknown god.
  2015 | D:4      | Found Ohalialebb's Jewellery Shoppe.
  2018 | D:4      | Found Hihothrou's Armour Shop.
  2066 | D:4      | Found Wiceosov's Magic Scroll Boutique.
  2156 | D:4      | Found a glowing silver altar of Zin.
  2194 | D:4      | Found Omauwiu's Book Boutique.
  2268 | D:4      | Found a staircase to the Ecumenical Temple.
  2275 | Temple   | Entered the Ecumenical Temple
  2405 | Temple   | Became a worshipper of Warmaster Okawaru
  2749 | D:4      | Found Zumoitwuh's Magic Scroll Shop.
  2841 | D:4      | Found Urphysin's Distillery.
  3011 | D:4      | Found Okhoobat's General Store.
  3013 | D:4      | Found Bisyu's Distillery.
  3020 | D:4      | Bought a +1 pair of gloves of dexterity for 198 gold pieces
  3055 | D:5      | Entered Level 5 of the Dungeon
  3073 | D:5      | Reached skill level 5 in Armour
  3077 | D:5      | Reached skill level 5 in Shields
  3077 | D:5      | Reached XP level 7. HP: 44/44 MP: 7/7
  3140 | D:5      | Noticed Eustachio
  3169 | D:5      | Reached skill level 1 in Invocations
  3215 | D:5      | Killed Eustachio
  3216 | D:5      | Reached skill level 1 in Evocations
  3391 | D:5      | Reached * piety under Okawaru
  3402 | D:5      | Reached XP level 8. HP: 15/48 MP: 9/9
  3409 | D:5      | Found a shimmering altar of Xom.
  3411 | D:5      | Found a snail-covered altar of Cheibriados.
  3411 | D:5      | Found a blossoming altar of Fedhas.
  3417 | D:5      | Found a shadowy altar of Dithmenos.
  3417 | D:5      | Found a bloodstained altar of Trog.
  3749 | D:5      | Noticed Blork the orc
  3774 | D:5      | Killed Blork the orc
  4244 | D:6      | Reached skill level 5 in Fighting
  4252 | D:6      | Reached ** piety under Okawaru
  4344 | D:6      | Found a hide-covered altar of Uskayaw.
  4860 | D:6      | Noticed Menkaure
  4882 | D:6      | Reached XP level 9. HP: 36/54 MP: 11/11
  4893 | D:6      | Killed Menkaure
  4894 | D:6      | Reached skill level 5 in Long Blades
  6237 | D:8      | Reached *** piety under Okawaru
  6297 | D:8      | Noticed Erica
  6317 | D:8      | Killed Erica
  6318 | D:8      | Reached XP level 10. HP: 44/60 MP: 11/13
  6459 | D:8      | Noticed Pikel
  6476 | D:8      | Killed Pikel
  6476 | D:8      | Reached **** piety under Okawaru
  6541 | D:8      | Noticed Grum
  6567 | D:8      | Killed Grum
  6820 | D:8      | Found a glowing golden altar of the Shining One.
  6821 | D:8      | Found a staircase to the Lair.
  6832 | D:8      | Noticed Prince Ribbit
  6832 | D:8      | Noticed a two-headed ogre
  6847 | D:8      | Killed a two-headed ogre
  6861 | D:8      | Killed Prince Ribbit
  7384 | D:9      | Found an ancient bone altar of Kikubaaqudgha.
  7487 | D:9      | Noticed a kobold demonologist
  7501 | D:9      | Killed a kobold demonologist
  7525 | D:9      | Reached ***** piety under Okawaru
  7532 | D:9      | Reached skill level 5 in Invocations
  7695 | D:9      | Reached XP level 11. HP: 57/66 MP: 14/14
  7866 | D:9      | Found a broken altar of Ashenzari.
  8001 | D:10     | Entered Level 10 of the Dungeon
  8148 | D:10     | Killed from afar by a vampire

Illustrated notes

Levels and vault maps discovered:
D:1:      lemuel_arrival_room, layout_loops_ring
D:2:      layout_loops_cross, serial_shops, nicolae_shop_pleasant_corner_grove,
          uniq_sigmund
D:3:      layout_rooms, hellmonk_ecumenical_altar_zigzags
D:4:      layout_rooms, zin_statuary, minmay_temple_entry_gardened_gates,
          serial_shops, shop, kennysheep_little_box, shop,
          nicolae_shop_gaudy_bauble, nicolae_shop_advertising_works
          [nicolae_subvault_shop_adworks], nicolae_shop_distant_corner_stores
D:5:      layout_rooms, minmay_overflow_temple_star_hex, minmay_misc_feat_iff,
          glass_columns_a, uniq_eustachio, uniq_blork_the_orc
D:6:      layout_basic, lemuel_tele_altar, uniq_menkaure
D:7:      layout_basic
D:8:      layout_basic, tso_metal_star, minmay_starry_boxes, uniq_erica,
          uniq_pikel, uniq_grum, uniq_prince_ribbit1
D:9:      layout_basic, kiku_gazebo_garden_becter, ashenzari_altar_1
D:10:     layout_irregular_city, hangedman_corner_corridor
Temple:   minmay_temple_forest_path

Skill      XL: |  1  2  3  4  5  6  7  8  9 10 11 |
---------------+----------------------------------+-----
Long Blades    | 2 3 4 6 7 |  7.1
Fighting       | 4 5 6 |  6.7
Armour         | 4 5 6 7 8 9 |  9.0
Dodging        | 1 2 3 4 |  4.3
Shields        | 4 5 6 7 8 9 |  9.0
Invocations    | 1 2 4 5 |  5.1
Evocations     | 1 2 3 4 |  4.1

Action                     |  1- 3 |  4- 6 |  7- 9 | 10-12 || total
---------------------------+-------+-------+-------+-------++-------
  Melee: Long sword        |   119 |   163 |   389 |     9 ||   680
         Scimitar          |       |       |       |   247 ||   247
 Invoke: Heroism           |       |       |     2 |     2 ||     4
         Finesse           |       |       |       |     1 ||     1
  Evoke: Wand              |       |       |     3 |     4 ||     7
    Use: Scroll            |     5 |     4 |    11 |       ||    20
         Potion            |     1 |       |     3 |       ||     4
 Armour: Scale mail        |    64 |    71 |   221 |       ||   356
         Chain mail        |       |       |     6 |   123 ||   129
         Plate armour      |       |       |       |    19 ||    19
  Dodge: Dodged            |    65 |    92 |   262 |   128 ||   547
  Block: Buckler           |    29 |    35 |   140 |   101 ||   305

Table legend: (Time is in decaauts)
 A = Elapsed time spent in this place.
 B = Non-inter-level travel time spent in this place.
 C = Inter-level travel time spent in this place.
 D = Time resting spent in this place.
 E = Time spent auto-exploring this place.
 F = Levels seen in this place.
 G = Mean time per level.
                   A        B        C        D        E       F      G
               +--------+--------+--------+--------+--------+-----+--------+
         Total |   8330 |   8071 |    259 |     30 |   5655 |  11 |  757.3 |
       Dungeon |   7888 |   7693 |    195 |     30 |   5291 |  10 |  788.8 |
        Temple |    441 |    377 |     64 |      0 |    364 |   1 |  441.0 |
               +--------+--------+--------+--------+--------+-----+--------+

Top non-repeatable levels by time:
     D:5: 1111 daAuts
     D:7: 1076 daAuts
     D:8: 1069 daAuts
     D:6: 1019 daAuts
     D:1: 842 daAuts
     D:9: 767 daAuts
     D:2: 694 daAuts
     D:4: 614 daAuts
     D:3: 545 daAuts
  Temple: 441 daAuts
    D:10: 147 daAuts
